 Dungeon Crawl Stone Soup version 0.22.1-1-ga44c0e5 (webtiles) character file.

51474 Lavandula the Severer (level 14, -9/174 HPs)
             Began as a Centaur Berserker on Sept 27, 2018.
             Was a High Priest of Trog.
             Mangled by a faun
             ... wielding a +0 spear
             ... led by a satyr
              (14 damage)
             ... on level 2 of the Shoals.
             The game lasted 01:09:43 (9766 turns).

Lavandula the Severer (Centaur Berserker)           Turns: 9766, Time: 01:09:43

Health: -9/174     AC: 19    Str: 29    XL:     14   Next: 23%
Magic:  6/6        EV: 17    Int:  6    God:    Trog [*****.]
Gold:   328        SH:  0    Dex: 19    Spells: 13/13 levels left

rFire    + + +     SeeInvis .   Y - +11 morningstar of Egomania {antimagic, *Rage rPois rF+ Dex+9}
rCold    . . .     Gourm    .   (no shield)
rNeg     . . .     Faith    .   T - +1 fire dragon scales
rPois    +         Spirit   .   b - +2 hat
rElec    .         Reflect  .   v - +1 cloak {rF+}
rCorr    .         Harm     +   A - +0 pair of gloves
MR       +++..     Rnd*Rage +   p - +0 centaur barding
Stlth    ..........             t - amulet of harm
HPRegen  1.39/turn              N - +5 ring of evasion
MPRegen  0.10/turn              W - +4 ring of evasion

@: berserking (expiring), regenerating, glowing, very quick
A: large, hooves 3, cold resistance 1, deformed body, fire resistance 1, speed
2, tough skin 3
a: Berserk, Trog's Hand, Brothers in Arms, Renounce Religion


You were on level 2 of the Shoals.
You worshipped Trog.
Trog was extremely pleased with you.
You were near starving.

You visited 4 branches of the dungeon, and saw 20 of its levels.
You also visited: Labyrinth, Ice Cave and Volcano.

You collected 1171 gold pieces.
You spent 843 gold pieces at shops.

Inventory:

Hand Weapons
 q - a +1 war axe of freezing
 r - a +5 battleaxe of flaming
 x - the +9 executioner's axe "Wydeos" {chop, Int+3}
   (Trog gifted it to you on level 1 of the Orcish Mines)

   It inflicts extra damage upon your enemies.
   It affects your intelligence (+3).
 O - a +0 battleaxe of freezing
 Y - the +11 morningstar of Egomania (weapon) {antimagic, *Rage rPois rF+ Dex+9}
   (You took it off a yaktaur on level 12 of the Dungeon)

   It reduces the magical energy of the wielder, and disrupts the spells and
   magical abilities of those hit.
   Natural abilities and divine invocations are not affected.
   It affects your dexterity (+9).
   It protects you from fire.
   It protects you from poison.
   It may make you go berserk in combat.
Missiles
 S - 21 steel javelins (quivered)
Armour
 b - a +2 hat (worn)
 p - a +0 centaur barding (worn)
 v - a +1 cloak of fire resistance (worn)
 A - a +0 pair of gloves (worn)
 T - +1 fire dragon scales (worn)
Jewellery
 t - an amulet of harm (around neck)
 E - an uncursed ring of protection from cold
 N - a +5 ring of evasion (left hand)
 V - an uncursed ring of protection from fire
 W - a +4 ring of evasion (right hand)
Wands
 a - a wand of digging (10)
 j - a wand of polymorph (25)
 w - a wand of flame (47)
 L - a wand of paralysis (23)
 R - a wand of iceblast (16)
Scrolls
 e - 3 scrolls of vulnerability {unknown}
 f - 2 scrolls of blinking
 g - 2 scrolls of amnesia
 i - 6 scrolls of teleportation
 l - a scroll of enchant weapon
 o - a scroll of fear
 s - a scroll of immolation
 B - 2 scrolls of fog
 D - a scroll of holy word
 Q - 2 scrolls of remove curse
Potions
 d - 4 potions of lignification
 h - a potion of ambrosia {unknown}
 k - 2 potions of resistance
 m - a potion of berserk rage {unknown}
 n - 4 potions of flight
 u - a potion of curing {unknown}
 z - a potion of cancellation {unknown}
 I - 2 potions of agility {unknown}
 U - 2 potions of might {unknown}
Miscellaneous
 y - 2 boxes of beasts
 Z - a sack of spiders
Comestibles
 c - 9 rations


   Skills:
 - Level 8.8 Fighting
 + Level 18.4 Axes
 - Level 2.1 Throwing
 - Level 4.0 Armour
 - Level 3.8 Dodging
 - Level 7.2 Evocations


You had 13 spell levels left.
You didn't know any spells.
Your spell library contained the following spells:

 Spells                   Type           Power        Failure   Level  Hunger
 Confusing Touch          Hex            #.....       77%         1    ##.....
 Flame Tongue             Conj/Fire      #....        77%         1    ##.....
 Freeze                   Ice            #...         77%         1    ##.....
 Infusion                 Chrm           #...         77%         1    ##.....
 Shroud of Golubria       Chrm/Tloc      #.........   88%         2    ###....
 Song of Slaying          Chrm           #.......     88%         2    ###....
 Swiftness                Chrm/Air       #.......     88%         2    ###....
 Throw Flame              Conj/Fire      #.....       88%         2    ###....
 Throw Frost              Conj/Ice       #.....       88%         2    ###....
 Conjure Flame            Conj/Fire      #.......     98%         3    ####...
 Inner Flame              Hex/Fire       #.......     98%         3    ####...
 Lesser Beckoning         Tloc           #.........   98%         3    ####...
 Ozocubu's Armour         Chrm/Ice       #.......     98%         3    ####...
 Portal Projectile        Hex/Tloc       #.....       98%         3    ####...
 Regeneration             Chrm/Necr      #.........   98%         3    ####...
 Spectral Weapon          Hex/Chrm       #.......     98%         3    ####...
 Teleport Other           Tloc           #.......     98%         3    ####...
 Sticky Flame             Conj/Fire      #.......     100%        4    #####..
 Summon Ice Beast         Ice/Summ       #.......     100%        4    #####..
 Throw Icicle             Conj/Ice       #.......     100%        4    #####..
 Fireball                 Conj/Fire      #.........   100%        5    ######.
 Irradiate                Conj/Tmut      #.........   100%        5    ######.
 Summon Forest            Summ/Tloc      #.........   100%        5    ######.
 Hydra Form               Tmut           #.........   100%        6    #######
 Invisibility             Hex            #.......     100%        6    #######
 Statue Form              Tmut/Erth      #........    100%        6    #######
 Dragon Form              Tmut           #.........   100%        7    #######
 Controlled Blink         Tloc           N/A          100%        8    #######
 Disjunction              Tloc           #.........   100%        8    #######


Dungeon Overview and Level Annotations

Branches:
Dungeon (14/15)            Temple (0/1) D:6            Lair (2/6) D:10
 Shoals (2/4) Lair:2          Orc (2/2) D:12            Elf (0/3) Orc:2
  Snake: Lair:2-4    Spider: Lair:2-4    Vaults: D:13-14

Altars:
Dithmenos
Elyvilon
Gozag
Makhleb
Okawaru
Qazlal
Trog
Yredelemnul
Beogh

Shops:
Orc:1 ?   Orc:2 (%?*

Annotations:
Shoals:2 exclusion: Roxanne, Polyphemus, Roxanne


Innate Abilities, Weirdness & Mutations

You have hooves in place of feet.
Armour fits poorly on your strangely shaped body.
You cover ground very quickly.
You have extremely tough skin. (AC +3)
Your flesh is cold resistant. (rC+)
Your flesh is heat resistant. (rF+)


Message History

You completely miss the satyr. Your kick misses the satyr.
The satyr is almost dead.
The satyr hits you but does no damage.
The faun hits you with an uncursed spear!
* * * LOW HITPOINT WARNING * * *
The manticore bites you but does no damage.
The manticore claws you.
* * * LOW HITPOINT WARNING * * *
The manticore completely misses you.
You puncture the satyr!
You kill the satyr!
Trog accepts your kill.
Trog appreciates your killing of a magic user.
You feel the effects of Trog's Hand fading.
The faun casts a spell at you.
You are outlined in light.
You closely miss the faun. You kick the faun!!
The faun is almost dead.
The faun hits you with an uncursed spear!
You die...

≈≈≈≈≈≈≈≈≈≈≈≈
≈≈≈≈≈≈≈≈≈≈≈≈
≈≈≈≈≈(≈≈.≈..
≈≈≈≈≈≈≈(....
≈≈≈≈≈≈≈≈....#
≈≈≈≈≈≈≈≈≈...
≈≈≈≈≈(≈...H######.
≈≈≈≈≈....#@)......
≈≈≈≈≈≈....)cc....≈
≈≈≈≈≈≈(..(..≈≈...≈
≈≈≈≈≈≈..(........≈
≈≈≈≈≈..(###.≈≈≈≈≈≈
≈≈≈≈.≈..###.≈≈≈≈≈≈
≈≈≈≈≈≈≈≈≈<..≈≈≈≈≈≈
≈≈≈≈≈≈≈≈.c.≈≈≈≈≈≈≈
≈≈≈≈≈≈≈..≈..≈≈≈≈≈


You could see 2 fauns and a manticore.

Vanquished Creatures
  2 orc warlords
  A fire dragon (Volcano)
  3 hydras
  2 merfolk aquamancers (Shoals:1)
  A centaur warrior (D:10)
  A satyr (Shoals:2)
  5 two-headed ogres
  3 death yaks (D:10)
  5 orc high priests
  An unseen horror (D:12)
  A sea snake (Shoals:1)
  3 orc knights (Orc:2)
  Pikel (D:6)
  2 ugly things
  A cyclops (Orc:2)
  A deep elf mage (D:12)
  The ghost of Curus the Cruncher, a novice DsGl of Makhleb (D:5)
  A wolf spider (shapeshifter) (D:12)
  A manticore (Shoals:1)
  3 fauns
  3 orc sorcerers (Orc:2)
  An ice statue (IceCv)
  A gargoyle (Volcano)
  A water nymph (Shoals:1)
  Joseph (D:7)
  A molten gargoyle (Volcano)
  5 merfolk sirens
  A centaur skeleton (D:10)
  A yaktaur (D:12)
  7 trolls
  The ghost of MalarOregon the Skirmisher, an amateur MiBe of Trog (D:4)
  4 merfolk
  A hippogriff (Lair:1)
  A hippogriff (shapeshifter) (D:12)
  3 shadows (Lab)
  A vampire (D:9)
  3 wyverns
  2 basilisks
  5 water elementals (Shoals:1)
  11 yaks (D:11)
  2 hungry ghosts (Lab)
  9 fire bats (Volcano)
  A steam dragon (D:9)
  3 wargs
  A soldier ant (D:12)
  45 orc warriors
  2 water moccasins
  2 hell hounds (Volcano)
  A porcupine (Lair:2)
  A hornet zombie (D:11)
  6 ice beasts (IceCv)
  2 sky beasts
  16 ogres
  4 centaurs
  2 crocodiles
  3 big kobolds (D:12)
  11 bullfrogs
  2 gnoll sergeants
  4 scorpions
  13 killer bees
  2 electric eels
  7 howler monkeys
  2 crimson imps
  7 lava snakes (Volcano)
  3 bullfrog zombies
  A quasit (D:4)
  A centaur zombie (D:11)
  39 orc priests
  Crazy Yiuf (D:6)
  5 hounds
  2 jellies
  25 orc wizards
  An iguana (D:4)
  A bullfrog skeleton (D:7)
  5 worker ants
  2 hell rats (D:10)
  Natasha (thrice) (D:4)
  A hound zombie (D:9)
  2 hound skeletons
  A worker ant zombie (D:6)
  10 gnolls
  8 adders
  3 shadow imps
  5 dart slugs
  A leopard gecko (D:10)
  115 orcs
  A ball python (D:2)
  3 giant cockroaches
  2 goblins
  A hobgoblin (D:1)
  11 jackals
  12 quokkas
  A ball python zombie (D:6)
  3 bats
  A frilled lizard (D:1)
  2 gnoll zombies (D:4)
  A jackal zombie (D:4)
  14 kobolds
  A quokka skeleton (D:7)
  5 rats
534 creatures vanquished.

Vanquished Creatures (collateral kills)
  A minotaur (Lab)
  A death yak (Shoals:2)
  A manticore (Shoals:2)
  An ugly thing (IceCv)
  4 merfolk sirens
  2 ice statues (IceCv)
  3 merfolk
  A water elemental (Shoals:1)
14 creatures vanquished.

Vanquished Creatures (others)
  A hell hog (Volcano)
  A water elemental (Shoals:1)
  2 orc wizards
4 creatures vanquished.

Grand Total: 552 creatures vanquished

Notes
Turn   | Place    | Note
-------+----------+-------------------------------------------
     0 | D:1      | Lavandula the Centaur Berserker began the quest for the
                  | Orb.
     0 | D:1      | Reached XP level 1. HP: 19/19 MP: 1/1
    49 | D:1      | Reached skill level 3 in Axes
    64 | D:1      | Reached XP level 2. HP: 26/26 MP: 2/2
   609 | D:3      | Reached XP level 3. HP: 20/31 MP: 3/3
   696 | D:3      | Reached ** piety under Trog
   908 | D:4      | Found a runed door.
   916 | D:4      | Noticed MalarOregon's ghost (amateur MiBe)
   948 | D:4      | Reached skill level 4 in Axes
   966 | D:4      | Reached XP level 4. HP: 23/38 MP: 4/4
  1003 | D:4      | Reached skill level 5 in Axes
  1003 | D:4      | Reached XP level 5. HP: 42/45 MP: 5/5
  1042 | D:4      | Noticed Natasha
  1050 | D:4      | Killed Natasha
  1125 | D:4      | Reached skill level 6 in Axes
  1200 | D:4      | Noticed Natasha
  1203 | D:4      | Killed Natasha
  1203 | D:4      | Reached XP level 6. HP: 51/51 MP: 6/6
  1239 | D:4      | Found a shadowy altar of Dithmenos.
  1263 | D:4      | Found a transporter.
  1269 | D:4      | Found a burning altar of Makhleb.
  1279 | D:4      | Found a transporter.
  1311 | D:4      | Noticed Natasha
  1332 | D:4      | Killed Natasha
  1332 | D:4      | Reached skill level 7 in Axes
  1417 | D:4      | Found a basalt altar of Yredelemnul.
  1486 | D:4      | Killed MalarOregon's ghost
  1486 | D:4      | Reached XP level 7. HP: 17/57 MP: 7/7
  1534 | D:4      | Reached skill level 8 in Axes
  1568 | D:5      | Entered Level 5 of the Dungeon
  1676 | D:5      | Found a stormy altar of Qazlal.
  1680 | D:5      | Found an opulent altar of Gozag.
  1701 | D:5      | Found a runed door.
  1702 | D:5      | Noticed Curus's ghost (novice DsGl)
  1716 | D:5      | Killed Curus's ghost
  1716 | D:5      | Reached XP level 8. HP: 60/63 MP: 8/8
  1952 | D:5      | Found an iron altar of Okawaru.
  1980 | D:5      | Reached skill level 9 in Axes
  2161 | D:6      | Found a runed door.
  2165 | D:6      | Noticed Crazy Yiuf
  2191 | D:6      | Killed Crazy Yiuf
  2325 | D:6      | Reached *** piety under Trog
  2328 | D:6      | Reached skill level 10 in Axes
  2431 | D:6      | Noticed Pikel
  2452 | D:6      | Killed Pikel
  2452 | D:6      | Reached XP level 9. HP: 69/69 MP: 9/9
  2495 | D:6      | Found a staircase to the Ecumenical Temple.
  2561 | D:7      | Noticed Joseph
  2706 | D:7      | Reached skill level 1 in Evocations
  2875 | D:7      | Killed Joseph
  2875 | D:7      | Reached skill level 5 in Fighting
  3264 | D:9      | Reached **** piety under Trog
  3274 | D:9      | Reached XP level 10. HP: 79/81 MP: 11/11
  3346 | D:9      | Reached skill level 11 in Axes
  3401 | D:10     | Entered Level 10 of the Dungeon
  3441 | D:9      | Found a bloodstained altar of Trog.
  3467 | D:9      | Noticed a two-headed ogre
  3484 | D:9      | Killed a two-headed ogre
  3575 | D:9      | Noticed a two-headed ogre
  3715 | D:9      | Killed a two-headed ogre
  3715 | D:9      | Reached skill level 12 in Axes
  3719 | D:9      | Found a white marble altar of Elyvilon.
  3987 | D:10     | Noticed a centaur warrior
  4141 | D:10     | Noticed a two-headed ogre
  4193 | D:10     | Killed a centaur warrior
  4193 | D:10     | Reached XP level 11. HP: 93/93 MP: 12/12
  4390 | D:10     | Noticed a death yak
  4392 | D:10     | Noticed a death yak
  4442 | D:10     | Found a staircase to the Lair.
  4545 | D:11     | Found a labyrinth entrance.
  4564 | Lab      | Entered a labyrinth
  4869 | Lab      | Noticed a minotaur
  4966 | Lab      | Killed a minotaur
  5009 | Lab      | Identified Sif Muna's Volume of the Traveller
  5042 | D:11     | Reached skill level 13 in Axes
  5105 | D:11     | Noticed a two-headed ogre
  5112 | D:11     | Killed a two-headed ogre
  5265 | D:12     | Found a staircase to the Orcish Mines.
  5345 | D:12     | Noticed a green ugly thing
  5354 | D:12     | Killed a green ugly thing
  5402 | D:12     | Noticed a two-headed ogre
  5410 | D:12     | Killed a two-headed ogre
  5410 | D:12     | Reached skill level 14 in Axes
  5446 | D:12     | Noticed a deep elf mage
  5455 | D:12     | Killed a deep elf mage
  5477 | D:12     | Noticed a five-headed hydra
  5478 | D:12     | Noticed a four-headed hydra
  5498 | D:12     | Killed a five-headed hydra
  5505 | D:12     | Reached XP level 12. HP: 71/103 MP: 12/14
  5527 | D:12     | Killed a four-headed hydra
  5559 | D:12     | Reached skill level 5 in Evocations
  5576 | D:12     | Got a dazzling morningstar {antimagic}
  5577 | D:12     | Identified the +11 morningstar of Egomania {antimagic,
                  | *Rage rPois rF+ Dex+9} (You took it off a yaktaur on level
                  | 12 of the Dungeon)
  5602 | D:12     | Identified the Tome of Boosts and Execration
  5778 | Orc:1    | Entered Level 1 of the Orcish Mines
  5778 | Orc:1    | Found Vunimof's Magic Scroll Boutique.
  5778 | Orc:1    | Noticed an orc high priest
  5792 | Orc:1    | Killed an orc high priest
  5809 | Orc:1    | Reached ***** piety under Trog
  5872 | Orc:1    | Bought a scroll of blinking for 105 gold pieces
  5872 | Orc:1    | Bought a scroll of teleportation for 42 gold pieces
  5948 | Orc:1    | Found a frozen archway.
  5955 | Orc:1    | Noticed a two-headed ogre
  5958 | Orc:1    | Killed a two-headed ogre
  5962 | IceCv    | Entered an ice cave
  6293 | Orc:1    | Noticed an orc warlord
  6310 | Orc:1    | Killed an orc warlord
  6310 | Orc:1    | Reached skill level 15 in Axes
  6322 | Orc:1    | Received a gift from Trog
  6335 | Orc:1    | Got a translucent executioner's axe {god gift}
  6373 | Orc:2    | Entered Level 2 of the Orcish Mines
  6376 | Orc:2    | Identified the +9 executioner's axe "Wydeos" {chop, Int+3}
                  | (Trog gifted it to you on level 1 of the Orcish Mines)
  6754 | Orc:2    | Reached skill level 1 in Throwing
  6873 | Orc:2    | Found a roughly hewn altar of Beogh.
  6983 | Orc:2    | Reached XP level 13. HP: 110/110 MP: 6/18
  6992 | Orc:2    | Found Dukux's Magic Scroll Boutique.
  6996 | Orc:2    | Bought a scroll of immolation for 52 gold pieces
  6996 | Orc:2    | Bought a scroll of enchant armour for 112 gold pieces
  7005 | Orc:2    | Found Ferchuq's Assorted Antiques.
  7016 | Orc:2    | Bought a purple potion for 22 gold pieces
  7016 | Orc:2    | Bought a ruby potion for 22 gold pieces
  7016 | Orc:2    | Bought 2 fizzy clear potions for 45 gold pieces
  7016 | Orc:2    | Bought an inky potion for 22 gold pieces
  7122 | Orc:2    | Noticed an orc warlord
  7147 | Orc:2    | Killed an orc warlord
  7147 | Orc:2    | Reached skill level 16 in Axes
  7293 | Orc:2    | Found a staircase to the Elven Halls.
  7817 | Orc:2    | Found a roughly hewn altar of Beogh.
  7877 | Orc:2    | Found Desaek's Food Shop.
  7919 | Orc:2    | Found Heluczu's Antique Weapon Shoppe.
  7991 | Orc:2    | Bought 3 scrolls of blinking for 337 gold pieces
  8055 | Orc:1    | Bought a scroll of identify for 28 gold pieces
  8236 | Orc:1    | Bought 2 scrolls of identify for 56 gold pieces
  8238 | Orc:1    | Gained mutation: Your flesh is cold resistant. (rC+)
                  | [potion of mutation]
  8238 | Orc:1    | Gained mutation: Your flesh is heat resistant. (rF+)
                  | [potion of mutation]
  8366 | D:10     | Reached skill level 17 in Axes
  8367 | D:10     | Received a gift from Trog
  8403 | Lair:1   | Entered Level 1 of the Lair of Beasts
  8585 | Lair:2   | Found a dark tunnel.
  8654 | Volcano  | Entered a volcano
  8779 | Volcano  | Found a radiant altar of Vehumet.
  8844 | Volcano  | Noticed a fire dragon
  8859 | Volcano  | Killed a fire dragon
  8925 | Volcano  | Received a gift from Trog
  9129 | Lair:2   | Found a staircase to the Shoals.
  9148 | Shoals:1 | Entered Level 1 of the Shoals
  9380 | Shoals:2 | Noticed Roxanne
  9402 | Shoals:2 | Reached XP level 14. HP: 82/116 MP: 6/19
  9406 | Shoals:2 | Noticed Polyphemus
  9425 | Shoals:1 | HP: 4/174 [merfolk aquamancer/ball of steam (5)]
  9428 | Shoals:1 | Reached skill level 18 in Axes
  9764 | Shoals:2 | HP: 4/174 [faun/uncursed spear[a satyr] (19)]
  9766 | Shoals:2 | Mangled by a faun

Skill      XL: |  1  2  3  4  5  6  7  8  9 10 11 12 13 14 |
---------------+-------------------------------------------+-----
Axes           | 3 4 5 6 7 8 10 12 14 15 17 18 | 18.4
Dodging        | 3 |  3.8
Evocations     | 2 3 7 |  7.2
Fighting       | 5 7 8 |  8.8
Armour         | 3 4 |  4.0
Throwing       | 2 |  2.1

Action                   |  1- 3 |  4- 6 |  7- 9 | 10-12 | 13-15 || total
-------------------------+-------+-------+-------+-------+-------++-------
Melee: Hand axe          |    71 |    81 |    43 |   128 |       ||   323
       Kick              |    15 |    20 |    57 |   207 |   156 ||   455
       Spear             |       |       |   188 |    85 |       ||   273
       War axe           |       |       |    14 |   197 |    61 ||   272
       Morningstar       |       |       |       |   250 |   312 ||   562
       Executioner's axe |       |       |       |     6 |     6 ||    12
       Battleaxe         |       |       |       |       |    22 ||    22
Throw: Javelin           |       |       |       |     3 |       ||     3
Invok: Trog's Hand       |     1 |     2 |     3 |    16 |    15 ||    37
       Berserk           |       |     4 |     9 |    21 |     6 ||    40
       Brothers in Arms  |       |       |       |     4 |     4 ||     8
Evoke: Wand              |       |       |       |    15 |     6 ||    21
  Use: Scroll            |       |       |     5 |     9 |     8 ||    22
       Potion            |       |       |       |       |     5 ||     5
  Eat: Chunk             |       |     4 |    12 |    25 |    13 ||    54
       Ration            |       |       |     2 |     5 |     2 ||     9
Armor: Animal skin       |    18 |    15 |    39 |    67 |       ||   139
       Leather armour    |       |    34 |     8 |       |       ||    42
       Skin              |       |     1 |       |       |       ||     1
       Fire dragon scale |       |       |       |    83 |   149 ||   232
       Plate armour      |       |       |       |    18 |       ||    18
Dodge: Dodged            |    32 |    29 |    63 |   379 |   328 ||   831
